 Dungeon Crawl Stone Soup version 0.19.5 (webtiles) character file.

3153 Farsco the Firebug (level 9, -16/73 HPs)
             Began as a Pale Draconian Fire Elementalist on Mar 14, 2017.
             Was an Initiate of Vehumet.
             Engulfed by a cloud of flame (34 damage)
             ... on level 8 of the Dungeon on Apr 17, 2017.
             The game lasted 01:41:34 (8772 turns).

Farsco the Firebug (DrFE)                           Turns: 8772, Time: 01:41:42

Health: -16/73     AC:  7    Str: 10    XL:     9   Next: 62%
Magic:  6/17       EV: 14    Int: 18    God:    Vehumet [......]
Gold:   368        SH:  0    Dex: 13    Spells: 6 memorised, 2 levels left

rFire  x . .     SeeInvis .     q - +1 hunting sling (flame)
rCold  + . .     Gourm    .     (armour unavailable)
rNeg   . . .     Faith    .     (no shield)
rPois  .         Spirit   .     (helmet restricted)
rElec  .         Reflect  .     (no cloak)
rCorr  .         Harm     .     (no gloves)
MR     .....                    (no boots)
Stlth  +++.......               (no amulet)
                                F - ring of stealth
                                p - ring of ice

@: no status effects
A: breathe steam, unfitting armour, cold-blooded, AC +7
a: Breathe Steam, Renounce Religion


You were on level 8 of the Dungeon.
You worshipped Vehumet.
Vehumet was noncommittal.
You were not hungry.

You visited 2 branches of the dungeon, and saw 9 of its levels.

You collected 368 gold pieces.

Inventory:

Hand Weapons
 m - a +1 morningstar of freezing
 q - a +1 hunting sling of flaming (weapon)
Missiles
 c - 97 sling bullets (quivered)
 g - 226 stones
Jewellery
 p - a ring of ice (left hand)
 s - a +6 ring of strength
 F - a ring of stealth (right hand)
Wands
 t - a wand of paralysis (24/24)
 x - a wand of slowing (39/48)
Scrolls
 d - 2 scrolls of magic mapping
 e - 6 scrolls of identify
 h - 3 scrolls of remove curse
 j - a scroll of enchant armour
 k - 3 scrolls of noise
 r - a scroll of blinking
 y - 3 scrolls of teleportation
 D - a scroll of fear
Potions
 l - a potion of flight
 n - 2 potions of curing
 v - a potion of agility
 A - 2 potions of lignification
 B - 2 potions of brilliance
 C - a potion of heal wounds
Books
 a - a book of Flames

   Spells                             Type                      Level
   a - Flame Tongue                   Conjuration/Fire             1
   b - Throw Flame                    Conjuration/Fire             2
   c - Conjure Flame                  Conjuration/Fire             3
   d - Inner Flame                    Hexes/Fire                   3
   e - Sticky Flame                   Conjuration/Fire             4
   f - Fireball                       Conjuration/Fire             5
 z - a book of Necromancy

   Spells                             Type                      Level
   a - Pain                           Necromancy                   1
   b - Animate Skeleton               Necromancy                   1
   c - Vampiric Draining              Necromancy                   3
   d - Regeneration                   Charms/Necromancy            3
   e - Animate Dead                   Necromancy                   4
   f - Control Undead                 Necromancy                   4
Comestibles
 b - 13 bread rations
 f - 6 fruits
 i - 5 meat rations
 o - 2 royal jellies
 w - a beef jerky
 E - a slice of pizza


   Skills:
 * Level 4.8 Fighting
 - Level 0.8 Maces & Flails
 + Level 6.1 Slings
 + Level 1.0(3.9) Throwing
 * Level 4.2 Dodging
 + Level 2.5 Stealth
 * Level 5.5 Spellcasting
 * Level 4.7 Conjurations
 + Level 1.0 Necromancy
 * Level 7.0 Fire Magic


You had 2 spell levels left.
You knew the following spells:

 Your Spells              Type           Power        Failure   Level  Hunger
a - Flame Tongue          Conj/Fire      ####.        1%          1    None
b - Conjure Flame         Conj/Fire      ####....     3%          3    ##.....
c - Inner Flame           Hex/Fire       ###.....     12%         3    ##.....
d - Sticky Flame          Conj/Fire      ####....     14%         4    ####...
e - Animate Skeleton      Necr           N/A          12%         1    None
f - Fireball              Conj/Fire      ####......   34%         5    #####..


Dungeon Overview and Level Annotations

Branches:
Dungeon (8/15)             Temple (1/1) D:6
   Lair: D:8-11

Altars:
Cheibriados
Dithmenos
Elyvilon
Gozag
Hepliaklqana
Kikubaaqudgha
Makhleb
Nemelex Xobeh
Qazlal
Ru
Sif Muna
Trog
Uskayaw
Vehumet
Xom
Yredelemnul
Zin
The Shining One

Annotations:
D:5 exclusion: 3 downstairs
D:6 baldghoti's ghost, novice MiBe


Innate Abilities, Weirdness & Mutations

You can breathe blasts of scalding, opaque steam.
Your pale cyan-grey scales are hard. (AC +7)
You cannot fit into any form of body armour.
You are cold-blooded and may be slowed by cold attacks.


Message History

The sling bullet hits the orc warrior but does no damage.
Casting: Conjure Flame
Confirm with . or Enter, or press ? or * to list all spells.
Aiming: Inner Flame
Press: ? - help, Shift-Dir - straight line, f/p - orc warrior
Aim: an orc warrior, wielding a flail and wearing a chain mail (chance to defeat MR: 73%)
The orc is filled with an inner flame.
The orc hits you with a mace.
Casting: Inner Flame
Confirm with . or Enter, or press ? or * to list all spells.
Aiming: Sticky Flame
Press: ? - help, Shift-Dir - straight line, f - orc, p - orc warrior
Aim: an orc, wielding a mace and wearing a chain mail (inner flame)
The sticky flame hits the orc.
The orc explodes!
The fiery explosion engulfs you! The fire burns you terribly!
Ouch! That really hurt!
* * * LOW HITPOINT WARNING * * *
Vehumet accepts your kill.
You are engulfed in roaring flames.
You die...

### #.. #.# #
#.#.# ##.#.##
..... #?#.#
#######@#(###o.
.......§§§o(oo(
#######§§§###o.
#...#
######...#
#........#####
#.............
#.......######
#.......#


You could see an orc warrior and 3 orcs.

Vanquished Creatures
  Joseph (D:7)
  A troll (D:6)
  The ghost of xraymikek the Vandal, an amateur HaHu (D:4)
  Sigmund (D:6)
  A spriggan (D:7)
  Edmund (D:6)
  3 sky beasts
  An orc warrior (D:6)
  A black bear (D:6)
  2 ogres
  A centaur (D:6)
  A gnoll sergeant (D:5)
  2 bullfrogs (D:6)
  4 scorpions
  A centaur zombie (D:6)
  2 crimson imps
  2 hounds
  A bullfrog skeleton (D:6)
  4 orc priests
  A centaur skeleton (D:4)
  2 iguanas
  6 orc wizards
  4 worker ants
  A worker ant zombie (D:6)
  A howler monkey skeleton (D:6)
  4 gnolls (D:5)
  5 adders
  A shadow imp (D:6)
  3 oozes
  4 worms
  5 dart slugs
  2 leopard geckos
  20 orcs
  7 bats
  6 giant cockroaches
  11 goblins
  6 hobgoblins
  15 jackals
  2 quokkas
  3 ball pythons
  7 frilled lizards
  7 kobolds
  A leopard gecko skeleton (D:6)
  11 rats
166 creatures vanquished.

Notes
Turn   | Place    | Note
-------+----------+-------------------------------------------
     0 | D:1      | Farsco the Draconian Fire Elementalist began the quest for the Orb.
     0 | D:1      | Reached XP level 1. HP: 14/14 MP: 3/3
     2 | D:1      | Noticed a merfolk
     2 | D:1      | Noticed a demonspawn
     4 | D:1      | Noticed a spriggan
     6 | D:1      | Noticed a troll
     8 | D:1      | Noticed an elf
     8 | D:1      | Noticed a human
    10 | D:1      | Noticed a minotaur
    12 | D:1      | Noticed an octopode
    12 | D:1      | Noticed a ghoul
    14 | D:1      | Noticed a centaur
    14 | D:1      | Noticed a formicid
    16 | D:1      | Noticed a felid
    16 | D:1      | Noticed an ogre
    18 | D:1      | Noticed a halfling
    20 | D:1      | Noticed a gargoyle
    20 | D:1      | Noticed a demigod
    22 | D:1      | Noticed a naga
    22 | D:1      | Noticed a vampire
    24 | D:1      | Noticed a dwarf
    24 | D:1      | Noticed a draconian
    26 | D:1      | Noticed a tengu
    26 | D:1      | Noticed a vine stalker
   179 | D:1      | Reached XP level 2. HP: 17/20 MP: 0/5
   286 | D:1      | HP: 1/20 [jackal (2)]
   707 | D:1      | Reached XP level 3. HP: 16/26 MP: 0/6
  1442 | D:2      | Learned a level 3 spell: Conjure Flame
  1467 | D:2      | Reached XP level 4. HP: 33/33 MP: 1/7
  1573 | D:2      | Learned a level 3 spell: Inner Flame
  1842 | D:2      | Reached skill level 4 in Fire Magic
  2377 | D:3      | Reached skill level 1 in Throwing
  2381 | D:3      | Reached XP level 5. HP: 31/39 MP: 1/9
  3133 | D:4      | Reached skill level 1 in Slings
  3282 | D:4      | Noticed xraymikek's ghost (amateur HaHu)
  3434 | D:4      | Killed xraymikek's ghost
  3434 | D:4      | Reached skill level 1 in Fighting
  3434 | D:4      | Reached XP level 6. HP: 19/47 MP: 1/10
  3816 | D:4      | Learned a level 4 spell: Sticky Flame
  4003 | D:4      | Found a sparkling altar of Nemelex Xobeh.
  4033 | D:4      | Your scales start taking on a pale cyan-grey colour.
  4033 | D:4      | Reached skill level 5 in Fire Magic
  4033 | D:4      | Reached XP level 7. HP: 39/52 MP: 3/12
  4333 | D:5      | Entered Level 5 of the Dungeon
  5472 | D:6      | Noticed Edmund
  5508 | D:6      | Killed Edmund
  5508 | D:6      | Reached XP level 8. HP: 10/62 MP: 0/13
  6519 | D:6      | Reached skill level 5 in Slings
  6531 | D:6      | Found a staircase to the Ecumenical Temple.
  6544 | D:6      | Noticed Sigmund
  6549 | D:6      | Reached skill level 6 in Fire Magic
  6618 | D:6      | Noticed baldghoti's ghost (novice MiBe)
  7121 | Temple   | Entered the Ecumenical Temple
  7160 | Temple   | Became a worshipper of Vehumet
  7687 | D:6      | Noticed a troll
  7712 | D:6      | Killed a troll
  7712 | D:6      | Reached XP level 9. HP: 64/71 MP: 6/16
  7760 | D:6      | Killed Sigmund
  7760 | D:6      | Reached skill level 5 in Spellcasting
  7844 | D:6      | Learned a level 1 spell: Animate Skeleton
  7850 | D:6      | Learned a level 5 spell: Fireball
  8077 | D:7      | Found a hazy altar of Hepliaklqana.
  8364 | D:7      | Noticed Joseph
  8378 | D:7      | Killed Joseph
  8527 | D:7      | Reached skill level 7 in Fire Magic
  8758 | D:8      | Reached skill level 1 in Necromancy
  8772 | D:8      | Engulfed by a cloud of flame

Skill      XL: |  1  2  3  4  5  6  7  8  9 |
---------------+----------------------------+-----
Dodging        | 2 3 4 |  4.2
Fire Magic     | 4 5 6 7 |  7.0
Throwing       | 1 |  1.0
Conjurations   | 2 3 4 |  4.7
Slings         | 2 4 5 6 |  6.1
Fighting       | 1 2 3 4 |  4.8
Stealth        | 2 |  2.5
Spellcasting   | 3 4 5 |  5.5
Necromancy     | 1 |  1.0
Maces & Flails | |  0.8

Action                   |  1- 3 |  4- 6 |  7- 9 || total
-------------------------+-------+-------+-------++-------
Melee: Club              |    39 |       |       ||    39
       Unarmed           |     3 |    10 |       ||    13
       Tailslap          |     5 |     1 |       ||     6
       Morningstar       |       |       |     7 ||     7
 Fire: Hunting sling     |       |    61 |   283 ||   344
Throw: Stone             |    49 |    22 |       ||    71
 Cast: Flame Tongue      |    58 |    89 |    86 ||   233
       Conjure Flame     |       |     4 |    11 ||    15
       Inner Flame       |       |       |     2 ||     2
       Sticky Flame      |       |       |    15 ||    15
       Animate Skeleton  |       |       |     8 ||     8
 Abil: Breathe Steam     |       |       |     4 ||     4
  Use: Potion            |       |     7 |     1 ||     8
       Scroll            |       |    10 |     4 ||    14
  Eat: Chunk             |     3 |     7 |    16 ||    26
       Pizza             |       |     1 |     1 ||     2
       Fruit             |       |       |     2 ||     2
Armor: Skin              |    36 |    13 |    28 ||    77
Dodge: Dodged            |    56 |    39 |    85 ||   180
